 Dungeon Crawl Stone Soup version 0.26-a0-695-g987792ac36 (webtiles) character file.

Game seed: 4068789180880396805

122 mandarbmax the Stinger (level 4, -3/21 HPs)
             Began as a Spriggan Venom Mage on Oct 25, 2020.
             Killed by divine providence
             ... invoked by an orc priest
              (11 damage)
             ... on level 3 of the Dungeon.
             The game lasted 00:12:19 (3575 turns).

mandarbmax the Stinger (Spriggan Venom Mage)        Turns: 3575, Time: 00:12:20

Health: -3/21      AC:  2    Str:  4    XL:     4   Next: 78%
Magic:  1/9        EV: 18    Int: 17    God:
Gold:   81         SH:  0    Dex: 16    Spells: 0/9 levels left

rFire    . . .     SeeInvis +   f - +2 short sword (venom)
rCold    . . .     Faith    .   (shield restricted)
rNeg     . . .     Spirit   .   a - +0 robe
rPois    +         Reflect  .   (helmet restricted)
rElec    .         Harm     .   (no cloak)
rCorr    .         Rampage  .   (gloves unavailable)
MR       +....                  (boots unavailable)
Stlth    ++........             (no amulet)
HPRegen  0.07/turn              c - ring of protection from magic
MPRegen  0.11/turn              k - ring of poison resistance

@: very quick
A: very small, unfitting armour, see invisible, speed 3
a: no special abilities


You were on level 3 of the Dungeon.
You visited 1 branch of the dungeon, and saw 3 of its levels.

You collected 81 gold pieces.

Inventory:

Hand Weapons
 f - a +2 short sword of venom (weapon)
Missiles
 n - 6 poisoned darts (quivered)
Armour
 a - a +0 robe (worn)
Jewellery
 c - a ring of protection from magic (left hand)
 k - a ring of poison resistance (right hand)
Scrolls
 b - 3 scrolls of fog {unknown}
 d - a scroll of amnesia {unknown}
 j - 4 scrolls of identify {unknown}
 l - 2 scrolls of teleportation {unknown}
 m - a scroll of immolation {unknown}
 o - a scroll of enchant weapon {unknown}
Potions
 e - a potion of flight {unknown}
 g - a potion of resistance {unknown}
 h - 2 potions of stabbing {unknown}
 i - 2 potions of lignification {unknown}


   Skills:
 - Level 3.0 Dodging
 - Level 3.0 Stealth
 - Level 3.0 Spellcasting
 + Level 0.6 Conjurations
 - Level 2.0 Transmutations
 + Level 0.8 Air Magic
 + Level 5.0 Poison Magic


You couldn't memorise any spells.
You knew the following spells:

 Your Spells              Type           Power        Failure   Level
a - Sting                 Tmut/Pois      ##..         4%          1
b - Poisonous Vapours     Pois/Air       ##....       8%          2
c - Mephitic Cloud        Conj/Pois/Air  #.......     22%         3
d - Ignite Poison         Fire/Tmut/Pois ##......     21%         3

Your spell library contained the following spells:

 Spells                   Type           Power        Failure   Level
 Olgreb's Toxic Radiance  Pois           ###.....     22%         4


Dungeon Overview and Level Annotations

Branches:
Dungeon (3/15)

Altars:


Innate Abilities, Weirdness & Mutations

You are very small and have problems with some larger weapons.
You are too small for most types of armour.
You have supernaturally acute eyesight. (SInv)
You cover ground extremely quickly.


Message History

The sting misses the orc.
Casting: Sting (safe; 4% risk of failure)
Confirm with . or Enter, or press ? or * to list all spells.
Press: ? - help, Shift-Dir - straight line, f - orc wizard
Aim: an orc wizard, wielding a +0 dagger and wearing a +0 robe (heavily wounded, slightly transparent)
The sting misses the orc wizard.
The orc priest looks more healthy.
Unknown command.
Throwing (i - inventory)
n - 7 poisoned darts (quivered)
Press: ? - help, Shift-Dir - straight line, f/p - orc wizard
Aim: an orc wizard, wielding a +0 dagger and wearing a +0 robe (heavily wounded, slightly transparent)
You throw a poisoned dart.
The poisoned dart closely misses the orc wizard.
The orc priest mumbles some strange prayers to Beogh against you.
Beogh smites you!
Ouch! That really hurt!
You see here a hobgoblin corpse.
The orc priest mumbles some strange prayers to Beogh against you.
Beogh smites you!
Ouch! That really hurt!
You die...

..
##...............####
...
...............###
... .... ...##......#
.... .. #......# ##.#
#......# .#
#######......# .
............(# #
#######.###### #@#
#.# #†# #o#
#########.#
........#o#
###.....†o#
..o.?..o..#
....o.....#


You could see an orc priest, an orc wizard (invisible) and an orc.

Vanquished Creatures
  4 adders
  6 worms
  A dart slug (D:1)
  A leopard gecko (D:1)
  An orc (D:3)
  4 giant cockroaches
  8 hobgoblins
  13 kobolds
  A quokka (D:2)
  A ball python (D:1)
  12 bats
  4 frilled lizards
  7 goblins
  5 rats
68 creatures vanquished.

Notes
Turn   | Place    | Note
-------+----------+-------------------------------------------
     0 | D:1      | mandarbmax the Spriggan Venom Mage began the quest for the
                  | Orb.
     0 | D:1      | Reached XP level 1. HP: 9/9 MP: 5/5
   236 | D:1      | Reached XP level 2. HP: 13/13 MP: 1/6
   354 | D:1      | Learned a level 2 spell: Poisonous Vapours
  1183 | D:1      | Reached XP level 3. HP: 16/16 MP: 1/8
  1452 | D:2      | Reached skill level 4 in Poison Magic
  2069 | D:2      | Learned a level 3 spell: Mephitic Cloud
  2397 | D:2      | Reached XP level 4. HP: 21/21 MP: 2/9
  3003 | D:3      | Learned a level 3 spell: Ignite Poison
  3154 | D:3      | Found a faded altar of an unknown god.
  3349 | D:3      | Reached skill level 5 in Poison Magic
  3575 | D:3      | Killed from afar by an orc priest

Illustrated notes

Levels and vault maps discovered:
D:1:      ncdulo_wetmaze, layout_basic
D:2:      layout_basic
D:3:      layout_basic, chequers_ecumenical_altar_simple,
          hangedman_decor_diamond_cutter

Skill      XL: |  1  2  3  4 |
---------------+-------------+-----
Transmutations | 2 |  2.0
Spellcasting   | 3 |  3.0
Poison Magic   | 4 5 |  5.0
Dodging        | |  3.0
Stealth        | |  3.0
Conjurations   | |  0.6
Air Magic      | |  0.8

Action                   |  1- 3 |  4- 6 || total
-------------------------+-------+-------++-------
Melee: Short sword       |    10 |    27 ||    37
Throw: Dart              |       |     1 ||     1
 Cast: Sting             |    25 |     8 ||    33
       Poisonous Vapours |    46 |    26 ||    72
       Mephitic Cloud    |     1 |     4 ||     5
 Stab: Confused          |       |     2 ||     2
Armor: Robe              |     3 |     1 ||     4
Dodge: Dodged            |    16 |    11 ||    27

Table legend: (Time is in decaauts)
 A = Elapsed time spent in this place.
 B = Non-inter-level travel time spent in this place.
 C = Inter-level travel time spent in this place.
 D = Time resting spent in this place.
 E = Time spent auto-exploring this place.
 F = Levels seen in this place.
 G = Mean time per level.
                   A        B        C        D        E       F      G
               +--------+--------+--------+--------+--------+-----+--------+
         Total |   3012 |   2988 |     24 |   1617 |   1002 |   3 | 1004.0 |
       Dungeon |   3012 |   2988 |     24 |   1617 |   1002 |   3 | 1004.0 |
               +--------+--------+--------+--------+--------+-----+--------+

Top non-repeatable levels by time:
     D:2: 1318 daAuts
     D:1: 1237 daAuts
     D:3: 456 daAuts
